 Dungeon Crawl Stone Soup version 0.19-a0-1895-g783e625 (webtiles) character file.

1197 Amnesiac the Cleaver (level 8, -9/68 HPs)
             Began as a Deep Dwarf Berserker on Oct 18, 2016.
             Was a Believer of Trog.
             Mangled by an orc warrior
             ... wielding a +0 long sword
              (19 damage)
             ... on level 8 of the Dungeon.
             The game lasted 00:04:05 (1068 turns).

Amnesiac the Cleaver (Deep Dwarf Berserker)         Turns: 1068, Time: 00:04:06

Health: -9/68      AC:  6    Str: 20    XL:     8   Next: 20%
Magic:  8/8        EV: 11    Int:  9    God:    Trog [**....]
Gold:   118        SH:  0    Dex: 14    Spells: 0 memorised, 7 levels left

rFire  . . .     SeeInvis .     v - +0 whip (vamp)
rCold  . . .     Gourm    .     m - +0 ring mail (curse)
rNeg   . . .     Faith    .     (no shield)
rPois  .         Spirit   .     (no helmet)
rElec  .         Reflect  .     (no cloak)
rCorr  .         Harm     .     (no gloves)
MR     +....                    p - +0 pair of boots
Stlth  +.........               (no amulet)
                                (no ring)
                                (no ring)

@: exhausted, non-regenerating, slowed, very slow
A: damage resistance, recharge devices, sense surroundings 1, slow regeneration
3
a: Device Recharging, Berserk, Trog's Hand, Burn Spellbooks, Renounce Religion


You were on level 8 of the Dungeon.
You worshipped Trog.
Trog was pleased with you.
You were hungry.

You visited 1 branch of the dungeon, and saw 8 of its levels.

You collected 118 gold pieces.

Inventory:

Hand Weapons
 a - a +0 hand axe
 v - a +0 vampiric whip (weapon)
Armour
 l - a +0 chain mail
 m - a cursed +0 ring mail (worn)
 p - a +0 pair of boots (worn)
Rods
 j - a -2 iron rod (9/9)
   (You found it on level 8 of the Dungeon)
Wands
 c - a wand of heal wounds (2/9)
 d - a wand of lightning (9/15)
Scrolls
 k - 2 scrolls of blinking {unknown}
 n - a scroll of identify {unknown}
 o - a scroll of fear
 q - a scroll of immolation {unknown}
 r - a scroll of remove curse {unknown}
 s - a scroll of teleportation
 u - a scroll of holy word {unknown}
 w - a scroll of summoning {unknown}
Potions
 b - 2 potions of heal wounds {unknown}
 e - 2 potions of might {unknown}
 f - 3 potions of curing {unknown}
 g - a potion of mutation {unknown}
 h - a potion of lignification {unknown}
Comestibles
 i - a beef jerky
 t - 10 chunks of flesh


   Skills:
 - Level 2.6 Fighting
 + Level 11.1 Axes
 - Level 2.1 Armour
 - Level 2.1 Dodging


You had 7 spell levels left.
You didn't know any spells.

Dungeon Overview and Level Annotations

Branches:
Dungeon (8/15)
 Temple: D:4-7         Lair: D:8-11

Altars:
Elyvilon
Okawaru
Qazlal


Innate Abilities, Weirdness & Mutations

You are resistant to damage.
You can recharge devices by infusing magical energy.
You passively map a small area around you.
You do not regenerate.


Message History

You hit the orc warrior but do no damage.
The orc warrior hits you with a long sword!
You hit the orc warrior but do no damage.
The orc warrior hits you with a long sword!
You closely miss the orc warrior. The orc warrior completely misses you.
The orc warrior barely misses you.
You see here 26 sling bullets.
The orc warrior hits you with a long sword!
The orc warrior hits you with a long sword.
Things that are here:
an uncursed shortbow; 8 arrows The orc warrior hits you with a long sword.
* * * LOW HITPOINT WARNING * * *
Things that are here:
a hand axe; a leather armour You see here an arrow.
The orc warrior hits you with a long sword!
* * * LOW HITPOINT WARNING * * *
The orc warrior hits you with a long sword!!
You die...

,#..#........).......... ,,, ,
,#..'.....)............. , , *
#..##....##....###..##.
#+###*##+###'##..)(####+####..##.
.....##.......+..)).#, #....###
..............#.(...# , #....#
.........##..##..####, * ###'##
....###..##..##.o####+######..##.
....###..##..?#.@......#.........
.......<..+...#........#.........
..........#...#........#.........
..#########.###..#######..######.
* , ##.###..##...##..####* . ,,
....................#
....................#,
.###########.###...##,, * , * ###
#...#


You could see an orc warrior.

Vanquished Creatures
  A centaur warrior (D:8)
  A hippogriff (D:8)
  The ghost of utis the Ducker, an amateur HuAM (D:3)
  A bullfrog (D:6)
  A quasit (D:8)
  A bullfrog skeleton (D:6)
  An orc wizard (D:3)
  Terence (D:2)
  An ooze (D:1)
  2 leopard geckos
  10 orcs
  2 bats
  A giant cockroach (D:1)
  A goblin (D:3)
  2 hobgoblins
  4 jackals (D:3)
  3 kobolds
  2 rats (D:1)
36 creatures vanquished.

Notes
Turn   | Place    | Note
-------+----------+-------------------------------------------
     0 | D:1      | Amnesiac the Deep Dwarf Berserker began the quest for the Orb.
     0 | D:1      | Reached XP level 1. HP: 20/20 MP: 1/1
    52 | D:1      | Reached XP level 2. HP: 18/27 MP: 2/2
    59 | D:1      | Reached skill level 4 in Axes
   114 | D:2      | Noticed Terence
   128 | D:2      | Killed Terence
   128 | D:2      | Reached XP level 3. HP: 32/33 MP: 3/3
   155 | D:2      | Found an iron altar of Okawaru.
   354 | D:3      | Reached skill level 5 in Axes
   358 | D:3      | Found a stormy altar of Qazlal.
   389 | D:3      | Reached XP level 4. HP: 24/40 MP: 4/4
   519 | D:3      | Noticed utis's ghost (amateur HuAM)
   533 | D:3      | Killed utis's ghost
   533 | D:3      | Reached skill level 7 in Axes
   533 | D:3      | Reached XP level 5. HP: 46/46 MP: 5/5
   614 | D:5      | Entered Level 5 of the Dungeon
   675 | D:6      | Reached ** piety under Trog
   675 | D:6      | Reached XP level 6. HP: 54/55 MP: 6/6
   805 | D:7      | Found a white marble altar of Elyvilon.
   924 | D:8      | Noticed a hippogriff
   937 | D:8      | Noticed a centaur warrior
   960 | D:8      | Killed a centaur warrior
   960 | D:8      | Reached skill level 10 in Axes
   960 | D:8      | Reached XP level 7. HP: 50/61 MP: 7/7
   960 | D:8      | Reached XP level 8. HP: 56/68 MP: 8/8
  1045 | D:8      | Killed a hippogriff
  1045 | D:8      | Reached skill level 11 in Axes
  1068 | D:8      | Mangled by an orc warrior

Vault maps used:
D:1:      scummos_arrival_simple_fountains, minmay_heptomino_o4
D:2:      okawaru_metal_pillars_1_2, nemelex_diamond_rough_becter, uniq_terence,
          uniq_iyjb
D:3:      grunt_temple_overflow_opulence, grunt_dithmenos_smoke,
          nicolae_qazlal_general_emergency, uniq_robin
D:4:      serial_glass, glass_columns_c, glass_columns_a, glass_columns_b,
          glass_columns_a, glass_columns_a, glass_columns_a, uniq_edmund
D:5:      first_bread, lemuel_statue_altar, uniq_crazy_yiuf_cottage
D:6:      tso_metal_star
D:7:      kennysheep_little_box, regret_index_temple_of_mockery
D:8:      serial_shops, shop

Skill      XL: |  1  2  3  4  5  6  7  8 |
---------------+-------------------------+-----
Axes           | 4 5 7 10 11 | 11.1
Fighting       | |  2.6
Armour         | |  2.1
Dodging        | |  2.1

Action                   |  1- 3 |  4- 6 |  7- 9 || total
-------------------------+-------+-------+-------++-------
Melee: Hand axe          |    23 |       |       ||    23
       Flail             |    20 |    71 |       ||    91
       Whip              |       |    17 |    12 ||    29
Invok: Berserk           |     2 |     4 |     1 ||     7
Evoke: Wand              |       |     3 |       ||     3
  Use: Scroll            |       |     3 |       ||     3
  Eat: Chunk             |       |     2 |       ||     2
       Meat ration       |       |     1 |       ||     1
       Bread ration      |       |     1 |       ||     1
Armor: Animal skin       |     4 |       |       ||     4
       Chain mail        |    13 |    58 |       ||    71
       Scale mail        |     1 |       |       ||     1
       Ring mail         |       |    18 |     4 ||    22
Dodge: Dodged            |    22 |    67 |    11 ||   100
